 Dungeon Crawl Stone Soup version 0.21-a0-529-g8c7b3f5 (webtiles) character file.

254 lemonriz the Insei (level 5, 0/40 HPs)
             Began as a Draconian Transmuter on Dec 10, 2017.
             Succumbed to an orc wizard's poison
             ... on level 4 of the Dungeon.
             The game lasted 00:05:14 (2951 turns).

lemonriz the Insei (Draconian Transmuter)           Turns: 2951, Time: 00:05:15

Health: 0/40       AC:  2    Str: 12    XL:     5   Next: 90%
Magic:  5/8        EV: 20    Int: 14    God:
Gold:   148        SH:  0    Dex: 17    Spells: 2/8 levels left

rFire    . . .     SeeInvis .     - Unarmed
rCold    . . .     Gourm    .   (shield currently unavailable)
rNeg     . . .     Faith    .   (armour unavailable)
rPois    x         Spirit   .   (helmet currently unavailable)
rElec    .         Reflect  .   (cloak currently unavailable)
rCorr    .         Harm     .   (gloves currently unavailable)
MR       .....                  (boots currently unavailable)
Stlth    ++........             (no amulet)
HPRegen  0.13/turn              (no ring)
MPRegen  0.11/turn              (no ring)

@: lethally poisoned (0 -> -19), spider-form (expiring)
A: tiny, unfitting armour, AC +5
a: End Transformation


You were on level 4 of the Dungeon.
You were hungry.
You were a venomous arachnid creature.
You visited 1 branch of the dungeon, and saw 4 of its levels.

You collected 148 gold pieces.

Inventory:

Missiles
 a - 90 arrows
Armour
 l - a +0 pair of gloves (melded)
Jewellery
 r - a +5 amulet of reflection {unknown}
Scrolls
 d - a scroll of enchant weapon {unknown}
 e - 2 scrolls of identify
 f - 3 scrolls of teleportation {unknown}
 j - a scroll of blinking {unknown}
 k - a scroll of noise {unknown}
 n - 2 scrolls of enchant armour {unknown}
 p - 2 scrolls of fear {unknown}
Potions
 g - 2 potions of lignification
 h - a potion of degeneration {unknown}
 m - a potion of curing
 q - a potion of resistance {unknown}
 s - a potion of agility {unknown}
Books
 b - a book of Changes

   Spells                             Type                      Level
   a - Beastly Appendage              Transmutation                1
   b - Sticks to Snakes               Transmutation                2
   c - Spider Form                    Transmutation/Poison         3
   d - Ice Form                       Ice/Transmutation            4
   e - Blade Hands                    Transmutation                5
Comestibles
 c - 4 bread rations
 i - a meat ration
 o - 2 fruits
 t - a chunk of flesh


   Skills:
 - Level 1.1 Fighting
 + Level 2.3 Dodging
 + Level 5.0 Unarmed Combat
 - Level 2.0 Spellcasting
 + Level 4.4 Transmutations


You had 2 spell levels left.
You knew the following spells:

 Your Spells              Type           Power        Failure   Level  Hunger
a - Beastly Appendage     Tmut           ##....       12%         1    ##.....
b - Sticks to Snakes      Tmut           ##......     17%         2    ###....
c - Spider Form           Tmut/Pois      #.........   50%         3    ####...


Dungeon Overview and Level Annotations

Branches:
Dungeon (4/15)
 Temple: D:4-7

Altars:
Ashenzari
Okawaru
Ru
Xom
The Shining One


Innate Abilities, Weirdness & Mutations

((Your plain brown scales are hard. (AC +5)))
You cannot fit into any form of body armour.
((You are cold-blooded and may be slowed by cold attacks.))


Message History

It was a potion of curing.
You feel better. The worker ant barely misses you.
Casting: Beastly Appendage
Confirm with . or Enter, or press ? or * to list all spells.
You turn into a venomous arachnid creature.
Your +0 pair of gloves melds into your body.
You are feeling hungry.
The worker ant bites you.
* * * LOW HITPOINT WARNING * * *
You hit the worker ant.
You kill the worker ant!
Your Unarmed Combat skill increases to level 5!
You hear some strange, mumbled words.
A puff of frost appears from out of thin air!
The puff of frost hits you!
* * * LOW HITPOINT WARNING * * *
You closely miss something. Something hits you but does no damage.
You are lethally poisoned!
You barely miss something.
Your transformation is almost over.
You die...

#.'........ #.#........
......# #.#........
......# ###.#........
....o.# #......>.....
....... #....##+#+####
....... #............#
.......
#............######.......
#.............s{..........
#....##'###########.......
#....##........ .......
#....########## .......
#....+ ......[ #.####
....... ....... .......


There were no monsters in sight!

Vanquished Creatures
  An ogre (D:2)
  An orc priest (D:3)
  A worker ant (D:4)
  4 adders
  2 oozes
  A worm (D:2)
  2 dart slugs (D:1)
  A leopard gecko (D:3)
  6 orcs
  A ball python (D:1)
  5 bats
  3 giant cockroaches
  4 goblins
  8 hobgoblins
  4 jackals (D:2)
  2 quokkas
  2 frilled lizards
  3 kobolds
  5 rats
56 creatures vanquished.

Vanquished Creatures (collateral kills)
  A bat (D:2)
  A jackal (D:2)
2 creatures vanquished.

Grand Total: 58 creatures vanquished

Notes
Turn   | Place    | Note
-------+----------+-------------------------------------------
     0 | D:1      | lemonriz the Draconian Transmuter began the quest for the Orb.
     0 | D:1      | Reached XP level 1. HP: 16/16 MP: 3/3
   406 | D:1      | Reached XP level 2. HP: 7/23 MP: 3/5
   413 | D:1      | Learned a level 2 spell: Sticks to Snakes
   932 | D:2      | Reached XP level 3. HP: 23/28 MP: 4/6
   940 | D:2      | Learned a level 3 spell: Spider Form
   943 | D:2      | Found an iron altar of Okawaru.
  1267 | D:2      | Noticed an ogre
  1279 | D:2      | Killed an ogre
  1279 | D:2      | Reached skill level 4 in Unarmed Combat
  1279 | D:2      | Reached XP level 4. HP: 25/35 MP: 2/7
  1336 | D:2      | Reached XP level 5. HP: 28/40 MP: 8/8
  2196 | D:3      | Found a shattered altar of Ashenzari.
  2256 | D:3      | Found a sacrificial altar of Ru.
  2256 | D:3      | Found a shimmering altar of Xom.
  2511 | D:3      | Found a glowing golden altar of the Shining One.
  2948 | D:4      | Reached skill level 5 in Unarmed Combat
  2949 | D:4      | HP: 2/40 [something/puff of frost (7)]
  2951 | D:4      | Succumbed to an orc wizard's poison

Vault maps used:
D:1:      eino_arrival_tree_alley
D:2:      first_bread, okawaru_metal_pillars_1_2
D:3:      cheibrodos_pilgrimage, ashenzari_altar_1,
          gammafunk_temple_overflow_elements, nicolae_tso_carved_into_rock
D:4:      minmay_overflow_temple_star_quad, minmay_misc_feat_four_crosses,
          nicolae_gozag_cash_rules_everything_around_me

Skill      XL: |  1  2  3  4  5 |
---------------+----------------+-----
Transmutations | 3 4 |  4.4
Unarmed Combat | 4 5 |  5.0
Dodging        | 2 |  2.3
Fighting       | |  1.1
Spellcasting   | |  2.0

Action                   |  1- 3 |  4- 6 || total
-------------------------+-------+-------++-------
Melee: Unarmed           |    77 |   152 ||   229
       Tailslap          |     4 |    21 ||    25
       Kick              |     3 |     9 ||    12
       Punch             |     3 |     2 ||     5
       Headbutt          |     3 |     1 ||     4
 Cast: Beastly Appendage |     4 |     5 ||     9
       Spider Form       |     1 |     2 ||     3
       Sticks to Snakes  |       |     6 ||     6
  Use: Scroll            |       |     1 ||     1
       Potion            |       |     1 ||     1
  Eat: Chunk             |     1 |     6 ||     7
Armor: Skin              |    18 |    52 ||    70
Dodge: Dodged            |    61 |   105 ||   166

Table legend:
 A = Spawn XP
 B = Non-spawn XP
 C = Spawn XP percentage of total XP
 D = Spawn monster count
 E = Non-spawn monster count
 F = Spawn count percentage of total count
 G = Total turns spent on level
                    A         B        C        D         E        F      G
               +---------+---------+-------+---------+---------+-------+---------
         Total |       0 |     363 |   0.0 |       0 |      58 |   0.0 |  2951
               +---------+---------+-------+---------+---------+-------+---------
           D:1 |       0 |      31 |   0.0 |       0 |      13 |   0.0 |   921
           D:2 |       0 |     207 |   0.0 |       0 |      26 |   0.0 |  1116
           D:3 |       0 |      92 |   0.0 |       0 |      18 |   0.0 |   858
           D:4 |       0 |      33 |   0.0 |       0 |       1 |   0.0 |    56
               +---------+---------+-------+---------+---------+-------+---------
